 Dungeon Crawl Stone Soup version 0.17.1-3-g152610e (webtiles) character file.

8618 Goblin1989 the Cleaver (level 11, -1/90 HPs)
             Began as a Deep Dwarf Gladiator on May 2, 2016.
             Was a High Priest of Makhleb.
             Slain by a slime creature (3 damage)
             ... on level 8 of the Dungeon.
             The game lasted 00:31:19 (7023 turns).

Goblin1989 the Cleaver (Deep Dwarf Gladiator)       Turns: 7023, Time: 00:31:19

Health: -1/90      AC: 20    Str: 22    XL:     11   Next: 12%
Magic:  19/19      EV:  5    Int:  9    God:    Makhleb [*****.]
Gold:   227        SH: 10    Dex: 13    Spells: 0 memorised, 10 levels left

rFire  + . .     SeeInvis .     a - +0 war axe
rCold  . . .     Clarity  .     P - +0 plate armour
rNeg   . . .     SustAt   .     F - +1 shield {reflect}
rPois  .         Gourm    .     U - +2 helmet
rElec  .         Spirit   .     C - +2 cloak
rCorr  .         Warding  .     t - +0 pair of gloves
rMut   .         Stasis   .     (no boots)
MR     +....                    (no amulet)
Stlth  ..........               A - +1 ring of protection
                                T - ring of protection from fire

@: non-regenerating, drained, somewhat resistant to hostile enchantments,
extremely unstealthy
A: damage resistance, recharge devices, sense surroundings 2, slow regeneration
3, spit poison 1
a: Device Recharging, Spit Poison, Minor Destruction, Lesser Servant of Makhleb,
Major Destruction, Greater Servant of Makhleb, Renounce Religion


You were on level 8 of the Dungeon.
You worshipped Makhleb.
Makhleb was extremely pleased with you.
You were not hungry.

You visited 2 branches of the dungeon, and saw 11 of its levels.

You collected 429 gold pieces.
You spent 202 gold pieces at shops.

Inventory:

Hand Weapons
 a - a +0 war axe (weapon)
 X - the +0 long sword of the Priest {slice, +Blink rN+ SInv}
   (You found it on level 10 of the Dungeon)

   It inflicts extra damage upon your enemies.
   It protects you from negative energy.
   It lets you see invisible.
   It lets you blink.
Missiles
 d - 5 throwing nets
 D - 5 javelins (quivered)
Armour
 c - a +0 helmet
 t - a +0 pair of gloves (worn)
 C - a +2 cloak (worn)
 F - a +1 shield of reflection (worn)
 P - a +0 plate armour (worn)
 U - a +2 helmet (worn)
Rods
 b - a +0 lightning rod (9/11)
   (You found it on level 4 of the Dungeon)
Jewellery
 p - an uncursed ring of teleportation
 A - a +1 ring of protection (right hand)
 T - a ring of protection from fire (left hand)
 V - an uncursed ring of flight
 Y - an uncursed amulet of stasis {unknown}
Wands
 e - a wand of heal wounds (0)
 j - a wand of teleportation (1)
 z - a wand of disintegration (13)
 E - a wand of confusion (5)
 O - a wand of teleportation (3)
 R - a wand of random effects (14)
 S - a wand of magic darts (30)
Scrolls
 g - 3 scrolls of teleportation
 m - 3 scrolls of magic mapping
 o - 7 scrolls of remove curse
 u - a scroll of fog {unknown}
 x - a scroll of enchant armour {unknown}
 I - a scroll of enchant weapon {unknown}
 J - a scroll of blinking {unknown}
 K - 3 scrolls of identify
 L - a scroll of brand weapon {unknown}
 M - 2 scrolls of amnesia {unknown}
 N - 2 scrolls of vulnerability {unknown}
Potions
 h - 2 potions of might
 i - 5 potions of curing
 k - 4 potions of heal wounds
 l - 2 potions of agility
 n - 4 potions of brilliance
 q - a potion of cancellation {unknown}
 r - 2 potions of cure mutation
 s - a potion of lignification
 y - 2 potions of haste
 B - a potion of flight {unknown}
 G - a potion of magic {unknown}
 Q - a potion of ambrosia {unknown}
 W - 2 potions of invisibility {unknown}
Comestibles
 f - 8 bread rations
 v - 3 meat rations
 w - 3 slices of pizza
 H - 10 beef jerkies


   Skills:
 + Level 3.6(3.5) Fighting
 * Level 14.1(14.0) Axes
 - Level 1.7 Throwing
 + Level 4.0(3.9) Armour
 - Level 3.2 Dodging
 - Level 2.9 Shields
 + Level 2.2(2.1) Invocations
 + Level 11.8(11.7) Evocations


You had 10 spell levels left.
You didn't know any spells.

Dungeon Overview and Level Annotations

Branches:
Dungeon (10/15)            Temple (1/1) D:6             Orc (0/4) D:10
   Lair: D:8-11

Altars:
Ashenzari
Cheibriados
Dithmenos
Elyvilon
Fedhas
Gozag
Kikubaaqudgha
Makhleb
Nemelex Xobeh
Okawaru
Qazlal
Ru
Sif Muna
Trog
Vehumet
Xom
Yredelemnul
Zin
The Shining One

Shops:
D:5 *   D:6 :

Annotations:
D:10 Maurice


Innate Abilities, Weirdness & Mutations

You are resistant to damage.
You can recharge devices by infusing magical energy.
You passively map the area around you.
You do not regenerate naturally.
You can spit weak poison.


Message History

You take 6 damage, and have 15/90 hp.
You block the slime creature's attack.
Two slime creatures merge to form a large slime creature.
Your base Armour skill increases to level 4!
There is a stone staircase leading down here.
You are no longer corroded.
There is a stone staircase leading up here.
The slime creature hits you but does no damage.
You climb upwards.
There is a stone staircase leading down here.
You slash the slime creature! You slash the slime creature!
The slime creature hits you!
* * * LOW HITPOINT WARNING * * *
You take 13 damage, and have 2/90 hp.
Your shield and plate armour prevent you from hitting the slime creature.
You block the slime creature's attack.
You slash the slime creature!
The slime creature hits you but does no damage.
You slash the slime creature! The slime creature hits you.
You die...

#......###.#....##
...#.### #.......#
...#.# ##......#
#..#.######...##.#
#...........#..#.#
##..........##...#
####........####.#
.##.........####.###
............##..@..##
##..........#....J..##
#..#.................#
..##........#.......##
..#####.######.....##
..# #.# ####### ..#
### ..# ..#


You could see a slime creature.

Vanquished Creatures
  A troll (D:10)
  2 two-headed ogres
  2 slime creatures (D:10)
  Sigmund (D:3)
  5 yaks (D:10)
  Eustachio (D:6)
  A steam dragon (D:9)
  3 hippogriffs
  A hungry ghost (D:9)
  5 ogres
  7 orc warriors
  4 centaurs
  4 ice beasts
  3 phantoms
  3 sky beasts
  A wasp (D:8)
  An eye of draining (D:10)
  Blork the orc (D:4)
  A water moccasin zombie (D:5)
  A big kobold (D:10)
  8 giant frogs
  4 scorpions
  18 killer bees
  5 crimson imps
  A quasit (D:8)
  6 orc priests
  A giant frog skeleton (D:5)
  A giant frog zombie (D:6)
  A centaur skeleton (D:5)
  4 jellies
  Jessica (D:3)
  3 hounds
  Terence (D:3)
  4 iguanas
  10 orc wizards
  5 worker ants
  A hound zombie (D:5)
  A mummy (D:7)
  9 adders
  7 gnolls (D:3)
  An adder skeleton (D:6)
  2 worms (D:2)
  2 giant geckos
  64 orcs
  3 ball pythons
  3 giant cockroaches
  8 hobgoblins
  2 bats
  7 giant newts
  7 goblins
  6 jackals
  5 kobolds
  A quokka (D:4)
  4 rats
254 creatures vanquished.

Vanquished Creatures (others)
  A centaur (D:8)
1 creature vanquished.

Grand Total: 255 creatures vanquished

Notes
Turn   | Place    | Note
--------------------------------------------------------------
     0 | D:1      | Goblin1989 the Deep Dwarf Gladiator began the quest for the Orb.
     0 | D:1      | Reached XP level 1. HP: 19/19 MP: 1/1
   255 | D:1      | Reached XP level 2. HP: 21/26 MP: 2/2
   345 | D:1      | Reached skill level 4 in Axes
   651 | D:2      | Reached skill level 1 in Evocations
   825 | D:2      | Reached XP level 3. HP: 29/32 MP: 4/4
  1374 | D:3      | Noticed Jessica
  1381 | D:3      | Killed Jessica
  1408 | D:3      | Reached XP level 4. HP: 35/39 MP: 5/5
  1534 | D:3      | Noticed Terence
  1544 | D:3      | Killed Terence
  1544 | D:3      | Reached skill level 5 in Axes
  1620 | D:3      | Reached XP level 5. HP: 15/45 MP: 7/7
  1651 | D:3      | Found a shimmering altar of Xom.
  1786 | D:3      | Noticed Sigmund
  1793 | D:3      | Killed Sigmund
  1793 | D:3      | Reached skill level 6 in Axes
  1793 | D:3      | Reached XP level 6. HP: 30/52 MP: 7/9
  2198 | D:4      | Reached skill level 7 in Axes
  2535 | D:4      | Reached skill level 5 in Evocations
  2535 | D:4      | Reached XP level 7. HP: 22/58 MP: 10/10
  2559 | D:4      | Noticed Blork the orc
  2574 | D:4      | Killed Blork the orc
  2610 | D:5      | Entered Level 5 of the Dungeon
  2619 | D:5      | Reached skill level 8 in Axes
  2667 | D:5      | Found a blossoming altar of Fedhas.
  2669 | D:5      | Found a bloodstained altar of Trog.
  2670 | D:5      | Found a radiant altar of Vehumet.
  2673 | D:5      | Found a shattered altar of Ashenzari.
  2674 | D:5      | Found a shadowy altar of Dithmenos.
  2742 | D:5      | Found Esiffo's General Store.
  2752 | D:5      | Bought a +1 shield of reflection for 202 gold pieces
  2802 | D:5      | Found a shattered altar of Ashenzari.
  3072 | D:5      | Reached skill level 9 in Axes
  3072 | D:5      | Reached XP level 8. HP: 33/66 MP: 13/13
  3467 | D:6      | Found a staircase to the Ecumenical Temple.
  3482 | D:6      | Noticed Eustachio
  3498 | Temple   | Entered the Ecumenical Temple
  3515 | Temple   | Became a worshipper of Makhleb the Destroyer
  4009 | D:6      | Killed Eustachio
  4128 | D:6      | Found Kimo's Book Emporium.
  4228 | D:6      | Reached skill level 10 in Axes
  4401 | D:6      | Reached * piety under Makhleb
  4873 | D:7      | Reached skill level 11 in Axes
  4873 | D:7      | Gained mutation: You passively map the area around you. [Deep Dwarf growth]
  4873 | D:7      | Reached XP level 9. HP: 50/73 MP: 15/15
  4914 | D:7      | Found a white marble altar of Elyvilon.
  5197 | D:7      | Found a snail-covered altar of Cheibriados.
  5248 | D:7      | Reached ** piety under Makhleb
  5336 | D:8      | Reached skill level 12 in Axes
  5383 | D:8      | Reached skill level 10 in Evocations
  5516 | D:8      | Reached XP level 10. HP: 60/80 MP: 17/17
  5535 | D:8      | Reached skill level 13 in Axes
  5963 | D:9      | Reached *** piety under Makhleb
  6025 | D:9      | Reached skill level 1 in Shields
  6026 | D:9      | Reached skill level 1 in Armour
  6086 | D:9      | Gained mutation: You can spit weak poison. [potion of beneficial mutation]
  6163 | D:9      | Reached **** piety under Makhleb
  6324 | D:10     | Entered Level 10 of the Dungeon
  6482 | D:10     | Noticed Maurice
  6613 | D:10     | Reached ***** piety under Makhleb
  6613 | D:10     | Reached skill level 1 in Invocations
  6650 | D:10     | Found a staircase to the Orcish Mines.
  6829 | D:10     | Reached skill level 14 in Axes
  6829 | D:10     | Reached XP level 11. HP: 40/90 MP: 19/19
  6941 | D:10     | Got a dazzling long sword
  6942 | D:10     | Identified the +0 long sword of the Priest {slice, +Blink rN+ SInv} (You found it on level 10 of the Dungeon)
  7020 | D:8      | HP: 2/90 [slime creature (13)]
  7023 | D:8      | Slain by a slime creature

Action                   |  1- 3 |  4- 6 |  7- 9 | 10-12 || total
-------------------------+-------+-------+-------+-------++-------
Melee: War axe           |   118 |    94 |   491 |   420 ||  1123
Throw: Javelin           |       |       |     5 |       ||     5
       Throwing net      |       |       |     1 |       ||     1
 Abil: Evoke Teleportati |       |       |       |     1 ||     1
Evoke: Wand              |     1 |     3 |    14 |    13 ||    31
       Rod               |       |     4 |    10 |     8 ||    22
  Use: Scroll            |       |    12 |     2 |     5 ||    19
       Potion            |       |       |       |     4 ||     4
 Stab: Confused          |       |       |     3 |     5 ||     8
  Eat: Chunk             |       |     4 |    11 |     7 ||    22
       Pizza             |       |       |     1 |       ||     1
       Bread ration      |       |       |       |     1 ||     1
